 Seeded DCSS version 0.29.1-1-gd02db6906a (webtiles) character file.

Game seed: 8848703615492432762 (custom seed)

570 Gelion the Magician (level 7, 0/55 HPs)
             Began as a Demonspawn Conjurer on Oct 19, 2022.
             Slain by a scorpion (5 damage)
             ... on level 5 of the Dungeon.
             The game lasted 00:11:52 (5018 turns).

Gelion the Magician (Demonspawn Conjurer)           Turns: 5018, Time: 00:11:53

Health: 0/55       AC:  5    Str: 13    XL:     7   Next: 11%
Magic:  17/17      EV: 12    Int: 21    God:
Gold:   252        SH:  0    Dex: 12    Spells: 15/20 levels left

rFire   . . .      SeeInvis .   (no weapon)
rCold   . . .      Faith    .   (no shield)
rNeg    . . .      Spirit   .   a - +1 robe
rPois   .          Reflect  .   (no helmet)
rElec   .          Harm     .   (no cloak)
rCorr   .          Rampage  .   (no gloves)
Will    .....                   (no boots)
Stlth   ++........              (no amulet)
HPRegen 0.18/turn               h - +6 ring of strength
MPRegen 0.15/turn               (no ring)

@: lethally poisoned (0 -> -4)
A: thin metallic scales 1, powered by pain 1
a: no special abilities


You were on level 5 of the Dungeon.
You visited 2 branches of the dungeon, and saw 6 of its levels.

You collected 252 gold pieces.

Inventory:

Missiles
 g - 5 silver boomerangs
Armour
 a - a +1 robe (worn)
Jewellery
 h - a +6 ring of strength (left hand)
 o - a ring of magical power
Scrolls
 d - 2 scrolls of teleportation
 m - a scroll of enchant armour
 n - 2 scrolls of identify {unknown}
 p - a scroll of torment {unknown}
Potions
 b - a potion of magic
 c - 3 potions of curing {unknown}
 e - a potion of berserk rage {unknown}
 f - 2 potions of brilliance {unknown}
 i - 3 potions of might {unknown}
 j - a potion of attraction {unknown}
 k - 2 potions of heal wounds {unknown}
 l - a potion of cancellation {unknown}


   Skills:
 + Level 4.9 Fighting
 + Level 1.3 Throwing
 - Level 1.7 Dodging
 - Level 1.7 Stealth
 * Level 7.0 Spellcasting
 + Level 6.6 Conjurations
 + Level 1.6 Necromancy
 + Level 4.5 Fire Magic


You had 15 spell levels left.
You knew the following spells:

 Your Spells              Type           Power      Damage    Failure   Level
a - Magic Dart            Conj           100%       1d8       1%          1
b - Scorch                Fire           52%        2d7       1%          2
c - Sublimation of Blood  Necr           14%        N/A       7%          2

Your spell library contained the following spells:

 Spells                   Type           Power      Damage    Failure   Level
 Searing Ray              Conj           70%        2d7       1%          2
 Static Discharge         Conj/Air       21%        3-6/arc   3%          2
 Dazzling Flash           Conj/Hex       42%        N/A       7%          3
 Flame Wave               Conj/Fire      30%        2d9       9%          4
 Sticky Flame             Conj/Fire      30%        2d5       9%          4
 Inner Flame              Hex/Fire       16%        N/A       11%         3
 Blink                    Tloc           14%        N/A       13%         2
 Fulminant Prism          Conj/Hex       10%        3d9       22%         4
 Iskenderun's Mystic Bla  Conj/Tloc      21%        2d6       22%         4
 Lesser Beckoning         Tloc           7%         N/A       26%         3
 Animate Dead             Necr           14%        N/A       41%         4
 Dispel Undead            Necr           14%        3d10      41%         4
 Anguish                  Hex/Necr       5%         N/A       52%         4
 Cause Fear               Hex            3%         N/A       65%         4
 Manifold Assault         Tloc           7%         N/A       94%         5
 Summon Cactus Giant      Summ           3%         N/A       100%        6
 Borgnjor's Revivificati  Necr           7%         N/A       100%        8
 Discord                  Hex            3%         N/A       100%        8


Dungeon Overview and Level Annotations

Branches:
Dungeon (5/15)             Temple (1/1) D:4

Altars:
Gozag
Hepliaklqana
Kikubaaqudgha
Nemelex Xobeh
Okawaru
Ru
Wu Jian
Xom
Yredelemnul

Shops:
D:4 !

Annotations:
D:5 3 runed translucent doors, safid's ghost, novice MiHu


Innate Abilities, Weirdness & Mutations

You are partially covered in thin metallic scales. (AC +2)
You sometimes gain a little power by taking damage.


Message History

The scorpion poisons you!
You feel sick. The scorpion attacks as you move away! The scorpion stings you.
The scorpion attacks as you move away! The scorpion completely misses you.
You feel sick.
You feel sick.
You feel sick.
You feel sick.
The scorpion stings you but does no damage.
You feel sick.
The gnoll is no longer moving quickly.
The scorpion attacks as you move away! The scorpion misses you.
You feel sick. The scorpion attacks as you move away!
The scorpion closely misses you.
You feel sick.
You are no longer poisoned.
The gnoll is no longer moving quickly.
The scorpion closely misses you. The scorpion stings you.
You are poisoned.
The scorpion poisons you!
You feel very sick.
You feel very sick. The scorpion attacks as you move away!
The scorpion stings you but does no damage.
You feel sick. The scorpion attacks as you move away!
The scorpion closely misses you.
You feel sick. The scorpion attacks as you move away! The scorpion misses you.
You feel sick. The scorpion completely misses you.
The scorpion barely misses you. The scorpion attacks as you move away!
The scorpion stings you.
You are more poisoned.
The scorpion poisons you! The scorpion attacks as you move away!
The scorpion closely misses you.
You feel very sick.
You feel very sick.
You feel sick. The scorpion attacks as you move away!
The scorpion closely misses you.
You feel sick.
You feel sick. The scorpion barely misses you. The scorpion stings you.
* * * LOW HITPOINT WARNING * * *
The scorpion attacks as you move away! The scorpion stings you.
You die...

##......# ........########
#.......## ..........[.....
#.......... ................
##.......... .#####..#.g....# #
#<.......... #..#.....## #
###..........# #........#
###.............#######........#
....................##.........#
.......######...@s.gg............
####...# ####.s..............#
##...# ####...........### #....#
##........#### #....##
###.....#..## ##.....#
###..)######.# #......# ###...###
#.# #...##.####..#### ##
#..####.#†.###


You could see 2 scorpions and 2 gnolls.

Vanquished Creatures
  A black bear (D:3)
  A howler monkey (D:4)
  A jelly (D:5)
  2 hounds (D:4)
  Natasha (thrice) (D:2)
  2 iguanas
  An orc wizard (D:3)
  5 adders
  4 worms
  4 dart slugs
  9 orcs
  8 ball pythons
  7 endoplasms
  3 giant cockroaches
  8 goblins
  8 hobgoblins
  4 jackals
  8 kobolds
  4 quokkas
  6 bats
  3 frilled lizards
  7 rats
99 creatures vanquished.

Notes
Turn   | Place    | Note
-------+----------+-------------------------------------------
     0 | D:1      | Gelion the Demonspawn Conjurer began the quest for the Orb.
     0 | D:1      | Reached XP level 1. HP: 13/13 MP: 3/3
   115 | D:1      | Reached skill level 4 in Spellcasting
   115 | D:1      | Reached skill level 5 in Conjurations
   115 | D:1      | Gained mutation: You sometimes gain a little power by
                  | taking damage. [demonic ancestry]
   115 | D:1      | Reached XP level 2. HP: 24/24 MP: 3/7
   116 | D:1      | Reached skill level 6 in Spellcasting
   116 | D:1      | Reached XP level 3. HP: 31/31 MP: 3/11
   135 | D:1      | Learned a level 2 spell: Scorch
   775 | D:1      | Reached XP level 4. HP: 38/38 MP: 7/12
   863 | D:2      | Got the Catalogue of Evil and the Blaze
   867 | D:2      | Learned a level 2 spell: Sublimation of Blood
  1632 | D:2      | Noticed Natasha
  1643 | D:2      | Killed Natasha
  1644 | D:2      | Gained mutation: You are partially covered in thin metallic
                  | scales. (AC +2) [demonic ancestry]
  1644 | D:2      | Reached XP level 5. HP: 33/43 MP: 1/14
  1797 | D:2      | Noticed Natasha
  1800 | D:2      | Killed Natasha
  1937 | D:2      | Noticed Natasha
  1948 | D:2      | Killed Natasha
  2513 | D:3      | Noticed a black bear
  2522 | D:3      | Killed a black bear
  2523 | D:3      | Reached skill level 1 in Necromancy
  2523 | D:3      | Reached XP level 6. HP: 29/50 MP: 5/15
  3045 | D:3      | Reached skill level 1 in Throwing
  3723 | D:4      | Found a staircase to the Ecumenical Temple.
  3736 | Temple   | Entered the Ecumenical Temple
  3991 | D:4      | Reached skill level 7 in Spellcasting
  4161 | D:4      | Found Sohani Liatt's Distillery.
  4354 | D:4      | Found a hazy altar of Hepliaklqana.
  4355 | D:4      | Found a shimmering altar of Xom.
  4356 | D:4      | Noticed a spectral ugly thing
  4356 | D:4      | Noticed a hell beast
  4787 | D:5      | Entered Level 5 of the Dungeon
  4794 | D:5      | Reached XP level 7. HP: 55/55 MP: 12/17
  4962 | D:5      | Noticed safid's ghost (novice MiHu)
  4967 | D:5      | Found a runed translucent gate.
  4967 | D:5      | Found a runed translucent gate.
  4967 | D:5      | Found a runed translucent gate.
  5018 | D:5      | Slain by a scorpion

Illustrated notes

Levels and vault maps discovered:
D:1:      minmay_arrival_widening_spiral_wide, layout_basic
D:2:      layout_loops_ring, kennysheep_nondescript, uniq_natasha
D:3:      layout_basic, hangedman_decor_lopped, kennysheep_generic_room_9
D:4:      layout_basic, regret_index_temple_of_mockery,
          minmay_temple_entry_junction_2, serial_shops, nicolae_shop_stone
D:5:      layout_layer_cave, gammafunk_ghost_split, minmay_hedge_maze,
          uniq_edmund, uniq_eustachio, uniq_grinder
Temple:   nicolae_temple_superstar

Skill      XL: |  1  2  3  4  5  6 |
---------------+-------------------+-----
Fighting       | 3 4 |  4.9
Spellcasting   | 4 6 7 |  7.0
Conjurations   | 5 6 |  6.6
Fire Magic     | 2 4 |  4.5
Necromancy     | 1 |  1.6
Throwing       | 1 |  1.3
Dodging        | |  1.7
Stealth        | |  1.7

Action                   |  1- 3 |  4- 6 |  7- 9 || total
-------------------------+-------+-------+-------++-------
Melee: Unarmed           |     1 |    22 |       ||    23
       Punch             |       |     1 |       ||     1
 Cast: Magic Dart        |    41 |   199 |    11 ||   251
       Scorch            |       |     3 |       ||     3
  Use: Potion            |     2 |       |       ||     2
       Scroll            |       |     7 |       ||     7
 Stab: Sleeping          |     1 |       |       ||     1
Armor: Robe              |       |    20 |     4 ||    24
Dodge: Dodged            |       |    42 |    18 ||    60
